 Dungeon Crawl Stone Soup version 0.20-a0-1089-g3fde505 (webtiles) character file.

5618 Angani the Fighter (level 10, -3/68 HPs)
             Began as an Octopode Wanderer on May 4, 2017.
             Was a Priest of Hepliaklqana.
             Slain by a troll (14 damage)
             ... on level 10 of the Dungeon.
             The game lasted 00:20:19 (8744 turns).

Angani the Fighter (Octopode Wanderer)              Turns: 8744, Time: 00:20:20

Health: -3/68      AC:  3    Str: 12    XL:     10   Next: 73%
Magic:  12/12      EV: 19    Int: 13    God:    Hepliaklqana [***...]
Gold:   431        SH: 12    Dex: 18    Spells: 9/9 levels left

rFire    + + .     SeeInvis +   m - +0 spear
rCold    + . .     Gourm    .   B - +2 shield
rNeg     + . .     Faith    +   g - +2 hat
rPois    .         Spirit   .   w - amulet of faith
rElec    .         Reflect  .   e - ring of see invisible
rCorr    .         Harm     .   i - ring of protection from fire
MR       .....                  r - ring of protection from fire
Stlth    +++++.....             o - ring of stealth
Regen    0.3/turn               C - ring of positive energy
MPRegen  0.2/turn               (no ring)
                                (no ring)
                                (no ring)

@: no status effects
A: almost no armour, stealthy swim, amphibious, 8 rings, constrict 8, reduced
essence, camouflage 1, agile 1, cold resistance 1, gelatinous body 1, MP-powered
wands
a: Recall Ancestor, Ancestor Identity, Transference, Renounce Religion


You were on level 10 of the Dungeon.
You worshipped Hepliaklqana.
Hepliaklqana was most pleased with you.
You were very hungry.

You visited 1 branch of the dungeon, and saw 11 of its levels.

You collected 431 gold pieces.

Inventory:

Hand Weapons
 m - a +0 spear (weapon)
Missiles
 t - 4 needles of paralysis
Armour
 g - a +2 hat (worn)
 B - a +2 shield (worn)
Magical Staves
 p - an uncursed staff of wizardry
Jewellery
 e - a ring of see invisible (left tentacle)
 h - an uncursed amulet of rage
 i - a ring of protection from fire (right tentacle)
 o - a ring of stealth (on tentacle)
 r - a ring of protection from fire (on tentacle)
 w - an amulet of faith (around mantle)
 C - a ring of positive energy (on tentacle)
Scrolls
 a - 4 scrolls of teleportation
 f - 3 scrolls of remove curse {unknown}
 s - 3 scrolls of enchant weapon
 u - a scroll of immolation {unknown}
 x - a scroll of summoning {unknown}
 y - 2 scrolls of fear
 D - a scroll of magic mapping
Potions
 c - 3 potions of curing
 n - 2 potions of haste
 q - a potion of invisibility
 v - 2 potions of resistance
 z - 2 potions of cancellation
 A - a potion of agility
Books
 b - a book of Debilitation

   Spells                             Type                      Level
   a - Corona                         Hexes                        1
   b - Slow                           Hexes                        2
   c - Inner Flame                    Hexes/Fire                   3
   d - Portal Projectile              Hexes/Translocation          3
   e - Cause Fear                     Hexes                        4
   f - Leda's Liquefaction            Hexes/Earth                  4
Comestibles
 d - 4 bread rations
 k - 6 royal jellies
 l - 6 meat rations


   Skills:
 - Level 10.0 Fighting
   Level 3.0 Short Blades
 - Level 1.0 Throwing
 - Level 10.0 Dodging
 - Level 5.1 Stealth
 + Level 6.0 Shields
 - Level 3.4 Invocations
 - Level 3.2 Evocations


You had 9 spell levels left.
You didn't know any spells.

Dungeon Overview and Level Annotations

Branches:
Dungeon (11/15)            Temple (0/1) D:6
   Lair: D:8-11         Orc: D:9-12

Altars:
Hepliaklqana
Makhleb
Qazlal
Trog
Uskayaw
Wu Jian
Xom

Shops:
D:7 %


Innate Abilities, Weirdness & Mutations

You cannot wear most types of armour.
You are very stealthy in the water. (Stealth+)
You are amphibious.
You can wear up to eight rings at the same time.
You can use your tentacles to constrict eight enemies at once.
Your skin changes colour to match your surroundings (Stealth+).
Your rubbery body absorbs attacks. (AC +1, EV +1)
Your life essence is reduced. (-10% HP)
You are agile. (Dex +2)
Your flesh is cold resistant. (rC+)
You expend magic power (3 MP) to strengthen your wands.


Message History

Sour hits the troll with a flail!
You hit the troll but do no damage. You squeeze the troll.
The troll is almost dead.
The troll completely misses you. The troll claws you!
You block the troll's attack.
Sour closely misses the troll.
You hit the troll but do no damage. Your squeeze misses the troll.
The troll is almost dead.
The troll bites you! You block the troll's attack. x2
Sour barely misses the troll.
You closely miss the troll. Your squeeze misses the troll.
The troll is almost dead.
The troll bites you!!
* * * LOW HITPOINT WARNING * * *
The troll completely misses you. The troll misses you.
You block the troll's attack. x2; The troll misses you.
Sour barely misses the troll.
You barely miss the troll.
The troll is almost dead.
The troll bites you!
You die...

.... ....
#....#........#.....
....+.....
#....#.......##.....
#.....
#..###.......#......
#......
#..#.........#......
#..#....######......
####+#.....###...........
.........................
#.......R................
#.......@T...............
#........................
.........................
.........................
.........................
..##############.........
#......... #.........
#........#


You could see the friendly sour the knight and a troll.

Vanquished Creatures
  Pikel (D:6)
  The ghost of SkyBlueFox the Slasher, a novice DsMo of Xom (D:7)
  A komodo dragon (D:10)
  A hippogriff (D:10)
  A yak (D:10)
  A water moccasin (D:7)
  An orc warrior (D:5)
  An ice beast (D:7)
  A sky beast (D:11)
  2 black bears
  3 ogres
  A centaur (D:5)
  A big kobold (D:10)
  A bullfrog (D:10)
  4 killer bees (D:11)
  2 wights
  A bullfrog zombie (D:7)
  A crimson imp (D:5)
  A jelly (D:6)
  A quasit (D:10)
  2 orc priests
  3 hounds
  A centaur skeleton (D:7)
  A bullfrog skeleton (D:10)
  4 orc wizards
  3 iguanas
  3 worker ants
  5 adders
  A shadow imp (D:7)
  An adder skeleton (D:5)
  2 worms
  3 dart slugs
  A leopard gecko (D:5)
  10 orcs
  3 ball pythons
  16 giant cockroaches
  6 goblins
  5 hobgoblins
  4 jackals (D:1)
  2 quokkas
  8 bats
  3 frilled lizards (D:1)
  13 kobolds
  4 rats
131 creatures vanquished.

Vanquished Creatures (collateral kills)
  2 hippogriffs (D:10)
  2 yaks (D:10)
  Sigmund (D:4)
  2 black bears
  A slave (D:5)
  2 ogres
  2 centaurs (D:6)
  4 bullfrogs
  7 wights
  2 crimson imps
  A bullfrog zombie (D:6)
  A jelly (D:6)
  An orc priest (D:8)
  A bullfrog skeleton (D:7)
  An orc wizard (D:6)
  A centaur skeleton (D:7)
  An iguana (D:6)
  2 worker ants
  7 orcs
  A giant cockroach (D:6)
  A jackal skeleton (D:6)
  2 kobolds (D:10)
45 creatures vanquished.

Vanquished Creatures (others)
  2 knights
2 creatures vanquished.

Grand Total: 178 creatures vanquished

Notes
Turn   | Place    | Note
-------+----------+-------------------------------------------
     0 | D:1      | Angani the Octopode Wanderer began the quest for the Orb.
     0 | D:1      | Angani set off with: a +2 short sword, a +0 quarterstaff, a potion of curing, a bread ration
     0 | D:1      | Reached XP level 1. HP: 18/18 MP: 1/1
    53 | D:1      | Reached XP level 2. HP: 22/24 MP: 2/2
   406 | D:1      | Reached XP level 3. HP: 29/29 MP: 3/3
   819 | D:2      | Found an ornate altar of the Wu Jian Council.
   842 | D:2      | Noticed a water elemental
   845 | D:2      | Found a stormy altar of Qazlal.
   846 | D:2      | Noticed a fire elemental
   846 | D:2      | Noticed an air elemental
   846 | D:2      | Noticed an earth elemental
  1239 | D:3      | Reached skill level 5 in Stealth
  1360 | D:3      | Reached XP level 4. HP: 35/35 MP: 4/4
  1366 | D:3      | Reached skill level 1 in Dodging
  2034 | D:4      | Noticed Sigmund
  2254 | D:4      | Reached XP level 5. HP: 24/39 MP: 5/5
  2748 | D:4      | Noticed a black bear
  2755 | D:4      | Killed a black bear
  2755 | D:4      | Reached XP level 6. HP: 43/45 MP: 6/6
  2842 | D:4      | Reached skill level 5 in Dodging
  2871 | D:4      | Found a hazy altar of Hepliaklqana.
  2874 | D:4      | Became a worshipper of Hepliaklqana the Forgotten
  3232 | D:4      | Killed Sigmund
  3232 | D:4      | Reached XP level 7. HP: 22/45 MP: 7/7
  3415 | D:5      | Entered Level 5 of the Dungeon
  3458 | D:5      | Reached * piety under Hepliaklqana
  3559 | D:5      | Found a burning altar of Makhleb.
  4086 | D:5      | Reached ** piety under Hepliaklqana
  4087 | D:5      | Remembered your ancestor sour as a knight
  4111 | D:6      | Found a staircase to the Ecumenical Temple.
  4761 | D:6      | Found a shimmering altar of Xom.
  4791 | D:6      | Reached XP level 8. HP: 50/52 MP: 8/8
  4822 | D:6      | Found a shimmering altar of Xom.
  4824 | D:6      | Found a shimmering altar of Xom.
  5155 | D:6      | Found a shimmering altar of Xom.
  5437 | D:6      | Noticed Pikel
  5614 | D:6      | Killed Pikel
  5614 | D:6      | Reached XP level 9. HP: 46/59 MP: 9/9
  5733 | D:6      | Noticed a dagger
  5734 | D:6      | Found a hide-covered altar of Uskayaw.
  5735 | D:6      | Noticed a dagger
  5875 | D:7      | Noticed SkyBlueFox's ghost (novice DsMo)
  5939 | D:7      | Killed SkyBlueFox's ghost
  6502 | D:7      | You fall through a shaft for 3 floors!
  6502 | D:10     | Entered Level 10 of the Dungeon
  6790 | D:7      | Reached *** piety under Hepliaklqana
  6817 | D:7      | Found Zyuromo's Food Shop.
  7105 | D:8      | Reached skill level 10 in Fighting
  7164 | D:8      | Found a bloodstained altar of Trog.
  7204 | D:8      | Reached skill level 10 in Dodging
  7204 | D:8      | Reached skill level 1 in Invocations
  7204 | D:8      | Reached XP level 10. HP: 68/68 MP: 10/10
  7246 | D:8      | You fall through a shaft for 3 floors!
  7271 | D:11     | Reached skill level 1 in Evocations
  7276 | D:11     | Gained mutation: Your flesh is cold resistant. (rC+) [mutagenic meat]
  7277 | D:11     | Gained mutation: You are agile. (Dex +2) [mutagenic meat]
  7278 | D:11     | Gained mutation: You expend magic power (3 MP) to strengthen your wands. [mutagenic meat]
  7785 | D:11     | Noticed a four-headed hydra
  7851 | D:10     | Reached skill level 1 in Shields
  8262 | D:10     | Reached skill level 5 in Shields
  8514 | D:10     | Found a burning altar of Makhleb.
  8744 | D:10     | Slain by a troll

Vault maps used:
D:1:      scummos_arrival_checkerplants
D:2:      lemuel_round_altar, nicolae_qazlal_style_of_elements
D:3:      minmay_roachtagon, first_bread
D:4:      kennysheep_mini, hangedman_abyss_or_decor_stabs, uniq_sigmund
D:5:      kennysheep_mini_moat, minmay_misc_feat_tower
D:6:      dancing_weapons_uskayaw, minmay_temple_entry_statues_pillars,
          xom_redecorated, uniq_pikel
D:7:      serial_shops, shop
D:8:      trog_ov_bears_minmay, uniq_prince_ribbit1
D:9:      kennysheep_ying_yang, lair_entry_dummy, the_bakery, grunt_ministairs_6
D:10:     basic_altar
D:11:     pond

Skill      XL: |  1  2  3  4  5  6  7  8  9 10 |
---------------+-------------------------------+-----
Stealth        | 3 4 5 |  5.1
Dodging        | 3 4 5 6 8 10 | 10.0
Fighting       | 6 8 10 | 10.0
Invocations    | 1 3 |  3.4
Evocations     | 3 |  3.2
Shields        | 6 |  6.0
Short Blades   | |  3.0
Throwing       | |  1.0

Action                   |  1- 3 |  4- 6 |  7- 9 | 10-12 || total
-------------------------+-------+-------+-------+-------++-------
Melee: Short sword       |    28 |       |       |       ||    28
       Constrict         |    22 |    12 |    36 |    19 ||    89
       Tentacles         |    10 |    11 |    45 |    29 ||    95
       Dagger            |    69 |    68 |   159 |       ||   296
       Spear             |       |       |    47 |   168 ||   215
Invok: Ancestor Life: Kn |       |       |     1 |       ||     1
       Recall Ancestor   |       |       |     3 |     2 ||     5
       Ancestor Identity |       |       |     1 |       ||     1
  Use: Scroll            |       |     6 |    10 |       ||    16
       Potion            |       |       |     2 |       ||     2
 Stab: Sleeping          |     9 |     8 |    10 |     5 ||    32
       Distracted        |       |     1 |     3 |     4 ||     8
  Eat: Chunk             |     1 |     5 |    13 |     7 ||    26
       Fruit             |       |       |     1 |       ||     1
Armor: Skin              |    12 |     2 |     9 |    14 ||    37
Dodge: Dodged            |    72 |    32 |   117 |   131 ||   352
Block: Shield            |       |       |       |    61 ||    61
